 Dungeon Crawl Stone Soup version 0.31-a0-426-g3a05650e59 (webtiles) character file.

Game seed: 8575862291929412473

23658 Gelion the Mimic (level 13, -2/95 HPs)
             Began as an Octopode Shapeshifter on July 30, 2023.
             Was an Initiate of Gozag.
             Slain by an eight-headed hydra (7 damage)
             ... on level 2 of the Lair of Beasts.
             The game lasted 00:35:36 (14159 turns).

Gelion the Mimic (Octopode Shapeshifter)           Turns: 14159, Time: 00:35:36

Health: -2/95      AC:  9    Str: 26    XL:     13   Next: 8%
Magic:  13/13      EV: 14    Int: 10    God:    Gozag
Gold:   936        SH:  0    Dex: 29    Spells: 12/12 levels left

rFire   + .          .
                       - Unarmed
rCold   . . .        (no shield)
rNeg    + + .        (helmet currently unavailable)
rPois   .            E - amulet of Darkness {Regen+ Dex+2}
rElec   .            l - +4 ring of protection
rCorr   +            r - ring of the Failed Coup {AC+4 Str+4 Dex+5 Stlth+}
SInv    +            y - +6 ring of dexterity
Will    .....        B - ring of Disaster {rCorr SInv Stlth+}
Stlth   +++++        v - ring of Ytriheuq {rN++ Str+6}
HPRegen 1.15/turn    I - ring "Fem Xuimp" {Fly rF+}
MPRegen 0.13/turn    (no ring)
                     (no ring)

%: no passive effects
@: beast-form, flying
A: beast (slay +7), almost no armour, amphibious, 8 rings, camouflage 1,
gelatinous body 1, (nimble swimmer 1), tentacles
a: Begin Untransformation, Renounce Religion, Potion Petition, Call Merchant,
Bribe Branch


You were on level 2 of the Lair of Beasts.
You worshipped Gozag.
Gozag was pleased with you.
You were a hulking beast.
You visited 3 branches of the dungeon, and saw 15 of its levels.

You collected 5111 gold pieces.
You spent 2705 gold pieces at shops.
You paid 1470 gold pieces to Gozag.

Inventory:

Armour
 f - a +0 tower shield
Jewellery
 l - a +4 ring of protection (left tentacle)
 r - the ring of the Failed Coup (right tentacle) {AC+4 Str+4 Dex+5 Stlth+}
   (You bought it in a shop on level 6 of the Dungeon)

   [ring of protection]

   AC:        It affects your AC (+4).
   Str:       It affects your strength (+4).
   Dex:       It affects your dexterity (+5).
   Stlth:     It makes you more stealthy.
 v - the ring of Ytriheuq (on tentacle) {rN++ Str+6}
   (You bought it in a shop on level 6 of the Dungeon)

   [ring of strength]

   Str:       It affects your strength (+6).
   rN:        It greatly protects you from negative energy.
 y - a +6 ring of dexterity (on tentacle)
 B - the ring of Disaster (on tentacle) {rCorr SInv Stlth+}
   (You took it off a kobold demonologist on level 8 of the Dungeon)

   [ring of resist corrosion]

   SInv:      It lets you see invisible.
   rCorr:     It protects you from acid and corrosion.
   Stlth:     It makes you more stealthy.
 E - the amulet of Darkness (around mantle) {Regen+ Dex+2}
   (You found it on level 8 of the Dungeon)

   [amulet of regeneration]

   Dex:       It affects your dexterity (+2).
   Regen:     It increases your rate of health regeneration.
 I - the ring "Fem Xuimp" (on tentacle) {Fly rF+}
   (You bought it in a shop on level 6 of the Dungeon)

   [ring of flight]

   rF:        It protects you from fire.
   Fly:       It grants you flight.
 L - a ring of ice
Talismans
 b - a beast talisman (active)
 C - a storm talisman
Wands
 d - a wand of flame (19)
 k - a wand of digging (5)
 t - a wand of polymorph (11)
 u - a wand of mindburst (13)
 x - a wand of charming (3)
 H - a wand of roots (8)
Scrolls
 n - 2 scrolls of revelation
 o - a scroll of fog
 A - 3 scrolls of enchant weapon
 G - 2 scrolls of amnesia
 J - 4 scrolls of identify
 N - a scroll of torment
Potions
 a - 4 potions of lignification
 c - 8 potions of curing
 e - a potion of cancellation
 g - 3 potions of invisibility
 h - a potion of might
 i - 5 potions of heal wounds
 j - 3 potions of enlightenment
 m - 2 potions of ambrosia
 p - 3 potions of mutation
 q - a potion of magic
 s - a potion of resistance
 w - 2 potions of attraction
 z - a potion of berserk rage
 F - a potion of brilliance
 K - a potion of haste
Miscellaneous
 D - a phial of floods


   Skills:
 + Level 11.0 Fighting
 - Level 2.0 Dodging
 + Level 11.4 Unarmed Combat
 * Level 13.3 Shapeshifting


You had 12 spell levels left.
You didn't know any spells.
Your spell library contained the following spells:

 Spells                   Type           Power      Damage    Failure   Level
 Foxfire                  Conj/Fire      0%         2x1d4     36%         1
 Blink                    Tloc           0%         N/A       50%         2
 Lesser Beckoning         Tloc           0%         N/A       50%         2
 Momentum Strike          Conj/Tloc      0%         3d8       50%         2
 Wereblood                Tmut           0%         N/A       50%         2
 Inner Flame              Hex/Fire       0%         N/A       75%         3
 Ozocubu's Armour         Ice            0%         N/A       75%         3
 Tukima's Dance           Hex            0%         N/A       75%         3
 Volatile Blastmotes      Fire/Tloc      0%         2d10      75%         3
 Fulminant Prism          Conj/Hex       0%         3d5       98%         4
 Iskenderun's Mystic Bla  Conj/Tloc      0%         2d3       98%         4
 Manifold Assault         Tloc           0%         N/A       98%         4
 Passage of Golubria      Tloc           0%         N/A       98%         4
 Irradiate                Conj/Tmut      0%         3d11      100%        5
 Metabolic Englaciation   Hex/Ice        0%         N/A       100%        5
 Yara's Violent Unravell  Hex/Tmut       0%         3d3       100%        5
 Plasma Beam              Fire/Air       0%         2x1d10    100%        6
 Starburst                Conj/Fire      0%         6d3       100%        6
 Enfeeble                 Hex            0%         N/A       100%        7
 Simulacrum               Ice/Necr       Unusable   N/A       N/A         6

Dungeon Overview and Level Annotations

Branches:
Dungeon (12/15)            Temple (1/1) D:4            Lair (2/5) D:10
 Shoals (0/4) Lair:2          Orc (0/2) D:12
  Snake: Lair:2-3    Spider: Lair:2-3

Altars:
Ashenzari
Cheibriados
Dithmenos
Elyvilon
Fedhas
Gozag
Hepliaklqana
Kikubaaqudgha
Makhleb
Nemelex Xobeh
Okawaru
Qazlal
Ru
Sif Muna
Trog
Uskayaw
Vehumet
Wu Jian
Xom
Yredelemnul
Zin
The Shining One

Shops:
D:4 ?   D:5 !   D:6 =   D:11 =*[=?   D:12 **

Annotations:
D:7 2 transporters, LeprechaunX's ghost, novice OpSh
D:12 3 runed translucent doors, HallandMoats's ghost, journeyman DsFi


Innate Abilities, Weirdness & Mutations

You are a hulking beast.
Your limbs bulge with bestial killing power. (Slay +7)
You cannot wear most types of armour.
You are amphibious.
You can wear up to eight rings at the same time.
Your skin changes colour to match your surroundings (Stealth+).
Your rubbery body absorbs attacks. (AC +1, EV +1)
((You are camouflaged when in or above water. (Stealth+)))
You have tentacles for arms and can constrict up to eight enemies at once.


Message History

You now have enough gold to buy a +4 ring of slaying on D:11.
You can access your shopping list by pressing '$'.
You now have 936 gold pieces (gained 13).
Found a stone staircase leading up.
i - 5 potions of heal wounds (gained 1)
An eight-headed hydra comes into view.
The eight-headed hydra roars!
You bludgeon the eight-headed hydra!
Your tentacle-slap misses the eight-headed hydra.
You squeeze the eight-headed hydra!
The eight-headed hydra is moderately wounded.
The eight-headed hydra bites you! x2
The eight-headed hydra barely misses you.
The eight-headed hydra bites you!
The eight-headed hydra bites you but does no damage.
The eight-headed hydra barely misses you.
The eight-headed hydra bites you! x2
You batter the eight-headed hydra!! You squeeze the eight-headed hydra.
The eight-headed hydra is severely wounded.
The eight-headed hydra closely misses you.
The eight-headed hydra bites you but does no damage.
The eight-headed hydra bites you. The eight-headed hydra bites you!
The eight-headed hydra bites you.
* * * LOW HITPOINT WARNING * * *
The eight-headed hydra closely misses you.
The eight-headed hydra bites you!
* * * LOW HITPOINT WARNING * * *
The eight-headed hydra bites you.
* * * LOW HITPOINT WARNING * * *
As you read the scroll of fear, it crumbles to dust.
You assume a fearsome visage.
The eight-headed hydra resists with some effort.
The eight-headed hydra closely misses you.
The eight-headed hydra barely misses you.
The eight-headed hydra completely misses you.
The eight-headed hydra bites you!
* * * LOW HITPOINT WARNING * * *
The eight-headed hydra bites you!
You die...
Your body crumbles into a pile of gold.

##* ### ***##.#* ### ###.###
******,*#...###.#####.#.P.#
*,*,,,,,.....#.....###....##
**,*,,,,,.......<....#......## **
*,,,,,,,,....................##*,
,,,,,,,,,............<..........*
,,,,,,,,,.......................#
,,,,,,,,,......Dh............#P..
*,,,,*,,,....................##..
,,,,**,,,.....#...............#..
,,,,,,,,,....##..............##..
,,,,,,,,....##P..............##.#
*,**,,,,...#.#........#......##.#
,,**,,,,.........#.........##.#.#
,,,,,*,,........P..........###..#
,,,,,,,,...................#*##.#


You could see an eight-headed hydra.

Vanquished Creatures
  A hydra (Lair:2)
  A boulder beetle (Lair:2)
  6 two-headed ogres
  A harpy (Lair:2)
  2 cyclopes
  3 ugly things
  2 manticores
  A black mamba (Lair:2)
  A cane toad (Lair:2)
  A gargoyle (D:12)
  2 rime drakes
  An unseen horror (D:10)
  A kobold demonologist (D:8)
  7 komodo dragons
  3 trolls
  10 blink frogs
  A shadow (D:12)
  12 yaks
  2 wraiths
  8 vampire mosquitoes
  A steam dragon (D:9)
  2 acid dragons
  A water moccasin (Lair:2)
  4 black bears
  5 orc warriors
  An ice beast (D:6)
  13 wolves (Lair:1)
  2 ogres
  7 centaurs
  4 kobold brigands (D:8)
  16 bullfrogs
  2 scorpions
  9 wights
  9 killer bees
  An electric eel (D:11)
  4 howler monkeys
  4 bullfrog zombies (D:6)
  A centaur zombie (D:6)
  A gnoll bouda (D:8)
  5 hounds
  Crazy Yiuf (D:3)
  4 jellies
  A sleepcap (D:5)
  2 iguanas
  6 orc wizards
  A statue (D:8)
  2 killer bee zombies (D:6)
  5 adders
  2 shadow imps (D:8)
  A white imp (D:6)
  An ufetubus (D:5)
  A worm (D:2)
  5 dart slugs
  36 orcs
  7 bats
  4 endoplasms
  3 giant cockroaches
  7 goblins
  6 hobgoblins
  9 jackals
  17 kobolds
  4 quokkas
  5 ball pythons
  3 frilled lizards
  3 rats (D:1)
294 creatures vanquished.

Notes
Turn   | Place    | Note
-------+----------+-------------------------------------------
     0 | D:1      | Gelion the Octopode Shapeshifter began the quest for the
                  | Orb.
     0 | D:1      | Reached XP level 1. HP: 13/13 MP: 1/1
    65 | D:1      | Reached XP level 2. HP: 14/18 MP: 2/2
   327 | D:1      | Reached XP level 3. HP: 18/23 MP: 3/3
  1126 | D:2      | Reached XP level 4. HP: 29/29 MP: 4/4
  1735 | D:2      | Reached skill level 4 in Shapeshifting
  2231 | D:3      | Found a runed translucent door.
  2232 | D:3      | Noticed Crazy Yiuf
  2924 | D:3      | Identified a scroll of acquirement
  2924 | D:3      | Acquired 1139 gold pieces
  2932 | D:3      | Killed Crazy Yiuf
  2933 | D:3      | Reached XP level 5. HP: 8/35 MP: 5/5
  3244 | D:4      | Found Kioppys's Magic Scroll Shoppe.
  3293 | D:4      | Bought a scroll of identify for 28 gold pieces
  3293 | D:4      | Bought a scroll of identify for 28 gold pieces
  3293 | D:4      | Bought a scroll of identify for 28 gold pieces
  3293 | D:4      | Bought a scroll of revelation for 105 gold pieces
  3321 | D:4      | Noticed an ogre
  3325 | D:4      | Killed an ogre
  3326 | D:4      | Reached XP level 6. HP: 41/41 MP: 6/6
  3345 | D:4      | Found a staircase to the Ecumenical Temple.
  3503 | Temple   | Entered the Ecumenical Temple
  3530 | Temple   | Became a worshipper of Gozag Ym Sagoz the Greedy
  3739 | D:5      | Entered Level 5 of the Dungeon
  4042 | D:5      | Found a glowing silver altar of Zin.
  4231 | D:5      | Found a burning altar of Makhleb.
  4285 | D:5      | Noticed a black bear
  4290 | D:5      | Bought a potion of might for 40 gold pieces
  4290 | D:5      | Bought a potion of curing for 30 gold pieces
  4290 | D:5      | Bought a potion of enlightenment for 50 gold pieces
  4290 | D:5      | Bought a potion of heal wounds for 50 gold pieces
  4290 | D:5      | Bought a potion of mutation for 80 gold pieces
  4290 | D:5      | Bought a potion of magic for 80 gold pieces
  4298 | D:5      | Killed a black bear
  4299 | D:5      | Reached skill level 5 in Shapeshifting
  4299 | D:5      | Reached XP level 7. HP: 37/46 MP: 7/7
  5062 | D:5      | Reached skill level 5 in Unarmed Combat
  5391 | D:5      | Reached skill level 6 in Shapeshifting
  5391 | D:5      | Reached XP level 8. HP: 8/54 MP: 8/8
  5772 | D:6      | Acquired 1187 gold pieces
  5775 | D:6      | Bought the ring of the Failed Coup {AC+4 Str+4 Dex+5
                  | Stlth+} for 841 gold pieces
  5799 | D:6      | Noticed a two-headed ogre
  6096 | D:6      | Reached skill level 5 in Fighting
  6184 | D:6      | Killed a two-headed ogre
  6185 | D:6      | Reached skill level 7 in Shapeshifting
  6185 | D:6      | Reached XP level 9. HP: 38/62 MP: 9/9
  6505 | D:7      | Found a stormy altar of Qazlal.
  6654 | D:7      | Noticed a troll
  6661 | D:7      | Killed a troll
  6662 | D:7      | Reached skill level 8 in Shapeshifting
  6840 | D:7      | Found a transporter.
  6848 | D:7      | Found a transporter.
  6852 | D:7      | Noticed LeprechaunX's ghost (novice OpSh)
  6898 | D:7      | Found an iron altar of Okawaru.
  7055 | D:7      | Found a shimmering altar of Xom.
  7808 | D:7      | Found a snail-covered altar of Cheibriados.
  7808 | D:7      | Found an ornate altar of the Wu Jian Council.
  8044 | D:8      | Found a radiant altar of Vehumet.
  8243 | D:8      | Identified the +7 flail of Anxiety {freeze, rElec Will-
                  | rCorr Int+5}
  8384 | D:8      | Reached XP level 10. HP: 69/69 MP: 10/10
  8807 | D:8      | Reached skill level 9 in Shapeshifting
  8830 | D:8      | Noticed a two-headed ogre
  8851 | D:8      | Killed a two-headed ogre
  8881 | D:8      | Noticed a red ugly thing
  8903 | D:8      | Killed a red ugly thing
  8921 | D:8      | Noticed a boulder beetle
  9105 | D:8      | Identified the ring of Disaster {rCorr SInv Stlth+}
  9105 | D:8      | Noticed a kobold demonologist
  9112 | D:8      | Noticed a smoke demon
  9112 | D:8      | Killed a kobold demonologist
  9127 | D:8      | Noticed a manticore
  9134 | D:8      | Killed a manticore
  9151 | D:8      | Identified the +8 trident of Ipse Dixit {flame, Str+2 SInv}
  9160 | D:8      | Identified the +3 long sword "Zoarymie" {flame, rPois rC-
                  | Dex+6 Stlth+}
  9163 | D:8      | Identified the amulet of Darkness {Regen+ Dex+2}
  9170 | D:8      | Identified the +7 whip of Capital Punishment {pain, rElec
                  | rPois Stlth+}
  9221 | D:8      | Reached skill level 10 in Shapeshifting
  9541 | D:6      | Bought the ring of Ytriheuq {rN++ Str+6} for 695 gold
                  | pieces
 10342 | D:10     | Entered Level 10 of the Dungeon
 10356 | D:10     | Reached XP level 11. HP: 76/77 MP: 11/11
 10358 | D:10     | Noticed a two-headed ogre
 10360 | D:10     | Noticed a two-headed ogre
 10368 | D:10     | Killed a two-headed ogre
 10380 | D:10     | Killed a two-headed ogre
 10859 | D:10     | Found a staircase to the Lair.
 11056 | D:6      | Bought the ring "Fem Xuimp" {Fly rF+} for 409 gold pieces
 11264 | D:11     | Found Plog's Jewellery Shoppe.
 11309 | D:11     | Found Kaar's Antique Armour Shop.
 11344 | D:11     | Noticed a two-headed ogre
 11356 | D:11     | Killed a two-headed ogre
 11357 | D:11     | Reached skill level 11 in Shapeshifting
 11454 | D:11     | Noticed a red ugly thing
 11467 | D:11     | Killed a red ugly thing
 11653 | D:11     | Found a sacrificial altar of Ru.
 11748 | D:11     | Found Onobyxyt's Assorted Antiques.
 11752 | D:11     | Bought a purple potion for 31 gold pieces
 11783 | D:11     | Bought a scroll of identify for 70 gold pieces
 11783 | D:11     | Bought a scroll of identify for 70 gold pieces
 11783 | D:11     | Bought a scroll of identify for 70 gold pieces
 11811 | D:11     | Noticed a cyclops
 11817 | D:11     | Killed a cyclops
 11835 | D:11     | Found Tenekhlupp's Magic Scroll Shoppe.
 11964 | D:11     | Found Saon's Jewellery Emporium.
 12170 | D:12     | Noticed a manticore
 12183 | D:12     | Killed a manticore
 12184 | D:12     | Reached skill level 10 in Unarmed Combat
 12218 | D:12     | Noticed a cyclops
 12226 | D:12     | Killed a cyclops
 12227 | D:12     | Reached XP level 12. HP: 48/86 MP: 12/12
 12306 | D:12     | Found Baodan's General Store.
 12354 | D:12     | Found a staircase to the Orcish Mines.
 12411 | D:12     | Noticed a two-headed ogre
 12499 | D:12     | Reached skill level 12 in Shapeshifting
 12575 | D:12     | Found a runed translucent gate.
 12575 | D:12     | Found a runed translucent gate.
 12575 | D:12     | Found a runed translucent gate.
 12576 | D:12     | Found an opulent altar of Gozag.
 12576 | D:12     | Found Luopnuf's Assorted Antiques.
 12576 | D:12     | Noticed a fire giant
 12577 | D:12     | Noticed HallandMoats's ghost (journeyman DsFi)
 12577 | D:12     | Noticed a deep troll earth mage
 12720 | D:12     | Noticed a shock serpent
 12721 | D:12     | a shock serpent changed into an elephant
 12763 | D:12     | Killed a two-headed ogre
 12764 | D:12     | Reached skill level 10 in Fighting
 12875 | Lair:1   | Entered Level 1 of the Lair of Beasts
 13236 | Lair:1   | You are sucked into a shaft and drop 1 floor!
 13792 | Lair:2   | Noticed a four-headed hydra
 13799 | Lair:2   | Killed a four-headed hydra
 13837 | Lair:2   | Reached skill level 13 in Shapeshifting
 13845 | Lair:2   | Noticed a boulder beetle
 13862 | Lair:2   | Killed a boulder beetle
 14002 | Lair:2   | Found a staircase to the Shoals.
 14006 | Lair:2   | Reached XP level 13. HP: 82/94 MP: 13/13
 14159 | Lair:2   | Slain by an eight-headed hydra

Illustrated notes

Levels and vault maps discovered:
D:1:      amcnicky_arrival_double_pillar, layout_basic
D:2:      layout_loops_ring, dk_noncrumbling_4, minmay_puff
D:3:      layout_loops_corners, minmay_misc_feat_hallway,
          uniq_crazy_yiuf_cottage
D:4:      layout_cave_pools, minmay_temple_entry_trees, serial_shops, shop,
          nicolae_the_louvre
D:5:      layout_loops_ring, mainiacjoe_overflow_concentric_impassable,
          old_standard_altar, chequers_serial_rivers_micro_b
D:6:      layout_cave_pools, serial_undead, serial_undead_e, serial_undead_e,
          serial_undead_d, serial_undead_d
D:7:      layout_basic, lemuel_crystal_altar, gammafunk_temple_overflow_statue,
          mainiacjoe_overflow_boulevard, lemuel_doored_altar,
          gammafunk_ghost_stat_death
D:8:      minmay_the_grid_triangle_9x9_rhombus_thin
          [minmay_the_grid_triangle_9x9_odd_lines,
          minmay_the_grid_triangle_9x9_prize_insulated,
          minmay_the_grid_triangle_9x9_skeleton,
          minmay_the_grid_triangle_9x9_semitri], layout_loops_ring,
          vehumet_statue
D:9:      layout_basic
D:10:     layout_roguey, grunt_lair_entry_orc_guard_hut
D:11:     layout_roguey, serial_shops, shop, shop, nicolae_shop_trees, shop,
          nicolae_shop_rolling_square, wad_woods_river_04,
          minmay_stone_trees_small, nicolae_ru_awakened_eye
D:12:     layout_rooms, orc_0_dummy, ebering_ghost_gozag, serial_shops,
          nicolae_lakefront_shop
Temple:   dpeg_chambers_temple
Lair:1:   layout_loops_ring, pdpol_lair_neglected_garden
Lair:2:   layout_gridlike, nicolae_shoals_entry_roost

Skill      XL: |  1  2  3  4  5  6  7  8  9 10 11 12 13 |
---------------+----------------------------------------+-----
Fighting       | 2 3 4 5 6 8 9 10 11 | 11.0
Shapeshifting  | 4 5 6 7 8 10 11 13 | 13.3
Unarmed Combat | 4 5 6 7 8 10 11 | 11.4
Dodging        | |  2.0

Action                     |  1- 3 |  4- 6 |  7- 9 | 10-12 | 13-15 || total
---------------------------+-------+-------+-------+-------+-------++-------
  Melee: Unarmed           |    60 |   100 |   161 |   359 |    20 ||   700
         Constrict         |    20 |    24 |    46 |    60 |     2 ||   152
         Tentacles         |    12 |    25 |    56 |   101 |     7 ||   201
         Punch             |     3 |     2 |     6 |    33 |     2 ||    46
 Invoke: Call Merchant     |       |     1 |     1 |       |       ||     2
  Evoke: Wand              |       |     4 |     4 |     1 |       ||     9
    Use: Scroll            |     3 |    13 |     3 |     9 |     1 ||    29
         Potion            |       |     1 |     3 |     1 |       ||     5
   Stab: Sleeping          |    10 |     6 |     5 |    21 |       ||    42
         Distracted        |     1 |       |     2 |     4 |       ||     7
 Armour: Skin              |     8 |     3 |    30 |    60 |     5 ||   106
  Dodge: Dodged            |    38 |    43 |   111 |   199 |    14 ||   405

Table legend: (Time is in decaauts)
 A = Elapsed time spent in this place.
 B = Non-inter-level travel time spent in this place.
 C = Inter-level travel time spent in this place.
 D = Time resting spent in this place.
 E = Time spent auto-exploring this place.
 F = Levels seen in this place.
 G = Mean time per level.
                   A        B        C        D        E       F      G
               +--------+--------+--------+--------+--------+-----+--------+
         Total |  14086 |  12752 |   1334 |    797 |   9695 |  15 |  939.1 |
       Dungeon |  12773 |  11509 |   1264 |    743 |   8856 |  12 | 1064.4 |
        Temple |     54 |      1 |     53 |      0 |      0 |   1 |   54.0 |
          Lair |   1258 |   1242 |     16 |     54 |    839 |   2 |  629.0 |
               +--------+--------+--------+--------+--------+-----+--------+

Top non-repeatable levels by time:
     D:5: 1942 daAuts
     D:7: 1605 daAuts
     D:8: 1561 daAuts
     D:1: 1074 daAuts
     D:2: 1016 daAuts
     D:3: 994 daAuts
     D:6: 945 daAuts
    D:11: 875 daAuts
     D:9: 800 daAuts
  Lair:1: 751 daAuts
    D:12: 699 daAuts
    D:10: 667 daAuts
     D:4: 590 daAuts
  Lair:2: 507 daAuts
  Temple: 54 daAuts
